 Dungeon Crawl Stone Soup version 0.21-a0-496-g696f58f537 (webtiles) character file.

9 Kaname the Digger (level 2, 18/19 HPs)
             Began as a Demonspawn Earth Elementalist on Nov 24, 2017.
             Quit the game on level 1 of the Dungeon.
             The game lasted 00:00:55 (331 turns).

Kaname the Digger (Demonspawn Earth Elementalist)    Turns: 331, Time: 00:00:55

Health: 18/19      AC:  2    Str:  8    XL:     2   Next: 3%
Magic:  1/5        EV: 12    Int: 16    God:
Gold:   24         SH:  0    Dex: 13    Spells: 4/5 levels left

rFire    . . .     SeeInvis .   h - +0 short sword
rCold    . . .     Gourm    .   (no shield)
rNeg     . . .     Faith    .   c - +0 robe
rPois    .         Spirit   .   (no helmet)
rElec    .         Reflect  .   (no cloak)
rCorr    .         Harm     .   (no gloves)
MR       .....                  (no boots)
Stlth    ++........             (no amulet)
HPRegen  0.06/turn              (no ring)
MPRegen  0.09/turn              (no ring)

@: no status effects
A: talons 1
a: no special abilities


You were on level 1 of the Dungeon.
You were not hungry.

You visited 1 branch of the dungeon, and saw 1 of its levels.

You collected 24 gold pieces.

Inventory:

Hand Weapons
 h - a +0 short sword (weapon)
Missiles
 b - 27 stones (quivered)
Armour
 c - a +0 robe (worn)
Scrolls
 a - 2 scrolls of identify {unknown}
 g - a scroll of enchant weapon {unknown}
Potions
 f - a potion of magic {unknown}
 i - a potion of lignification {unknown}
Books
 e - a book of Geomancy

   Spells                             Type                      Level
   a - Sandblast                      Earth                        1
   b - Passwall                       Transmutation/Earth          2
   c - Stone Arrow                    Conjuration/Earth            3
   d - Petrify                        Transmutation/Earth          4
   e - Lee's Rapid Deconstruction     Earth                        5
Comestibles
 d - 2 bread rations


   Skills:
 - Level 1.7 Dodging
 - Level 1.7 Stealth
 - Level 2.0 Spellcasting
   Level 0.8 Transmutations
 + Level 3.2 Earth Magic


You had 4 spell levels left.
You knew the following spells:

 Your Spells              Type           Power        Failure   Level  Hunger
a - Sandblast             Erth           ##....       5%          1    #......


Dungeon Overview and Level Annotations

Branches:
Dungeon (1/15)

Altars:


Innate Abilities, Weirdness & Mutations

You have sharp toenails.


Message History

Press: ? - help, Shift-Dir - straight line, f - dart slug
Aim: a dart slug (clinging)
The blast of sand hits the dart slug.
The dart slug is heavily wounded.
b - 28 stones Unknown command.
Unknown command.
Casting: Sandblast
Confirm with . or Enter, or press ? or * to list all spells.
Aiming: Sandblast
Press: ? - help, Shift-Dir - straight line, f/p - dart slug
Aim: a dart slug (heavily wounded, clinging)
The blast of sand hits the dart slug.
You kill the dart slug!
You have reached level 2!
You feel monstrous as your demonic heritage exerts itself.
Your demonic ancestry asserts itself...
Your toenails lengthen and sharpen.
b - 27 stones Are you sure you want to abandon this character and quit the game? (Confirm with "yes".)

.......##..###### .
.....##........ #
#.#..##...#### #
#.#............ #
#.#...'########+
###.#...#........#
........#.+####'.#
#####...#.#....#.# #
#.#.#.#.##.#@# #
#.#.#.# #.#.# #
#.#.#.# ..#†# ##
#.#.#.+####+.#
.####.#.#........# ##
#....[..'########+..#
##.###...........(..#
#.## ####.###.##.....
.## #.....††.....


There were no monsters in sight!

Vanquished Creatures
  A dart slug (D:1)
  A giant cockroach (D:1)
  2 kobolds (D:1)
  A bat (D:1)
  A frilled lizard (D:1)
  2 rats (D:1)
8 creatures vanquished.

Notes
Turn   | Place    | Note
-------+----------+-------------------------------------------
     0 | D:1      | Kaname the Demonspawn Earth Elementalist began the quest for the Orb.
     0 | D:1      | Reached XP level 1. HP: 13/13 MP: 3/3
   201 | D:1      | Reached skill level 3 in Earth Magic
   330 | D:1      | Gained mutation: You have sharp toenails. [demonic ancestry]
   330 | D:1      | Reached XP level 2. HP: 17/19 MP: 1/5
   331 | D:1      | Quit the game

Vault maps used:
D:1:      lightli_arrival_statue_moat, minmay_misc_feat_chi, minivault_11

Skill      XL: |  1 |
---------------+----+-----
Earth Magic    | 3 |  3.2
Dodging        | |  1.7
Stealth        | |  1.7
Spellcasting   | |  2.0
Transmutations | |  0.8

Action                   || total
-------------------------++-------
Melee: Short sword       ||    12
 Cast: Sandblast         ||     8
Armor: Robe              ||     1
Dodge: Dodged            ||     8

Table legend:
 A = Spawn XP
 B = Non-spawn XP
 C = Spawn XP percentage of total XP
 D = Spawn monster count
 E = Non-spawn monster count
 F = Spawn count percentage of total count
 G = Total turns spent on level
                    A         B        C        D         E        F      G
               +---------+---------+-------+---------+---------+-------+---------
         Total |       0 |      13 |   0.0 |       0 |       8 |   0.0 |   331
               +---------+---------+-------+---------+---------+-------+---------
           D:1 |       0 |      13 |   0.0 |       0 |       8 |   0.0 |   331
               +---------+---------+-------+---------+---------+-------+---------
